 Dungeon Crawl Stone Soup version 0.28.0-53-g5a82cb258f (webtiles) character file.

Game seed: 15744434273150997739

172 Plasmagod the Magician (level 5, 0/35 HPs)
             Began as a Djinni Hedge Wizard on July 18, 2022.
             Hit by a boomerang thrown by an orc (2 damage)
             ... on level 5 of the Dungeon.
             The game lasted 00:06:21 (3644 turns).

Plasmagod the Magician (Djinni Hedge Wizard)        Turns: 3644, Time: 00:06:22

Health: 0/35       AC:  8    Str:  9    XL:     5   Next: 83%
Gold:   89         EV: 10    Int: 18    God:
                   SH:  0    Dex: 12

rFire   + + .      SeeInvis .   a - +0 dagger
rCold   x . .      Faith    .   (no shield)
rNeg    . . .      Spirit   .   i - +3 ring mail
rPois   ∞          Reflect  .   c - +0 hat
rElec   .          Harm     .   (no cloak)
rCorr   .          Rampage  .   (no gloves)
Will    .....                   (boots unavailable)
Stlth   +.........              (no amulet)
HPRegen 0.11/turn               (no ring)
MPRegen 0.00/turn               (no ring)

@: flying
A: sickness immunity, fire resistance 2, cold vulnerability 1, float, innate
caster, HP casting, extra vitality 1
a: no special abilities


You were on level 5 of the Dungeon.
You visited 1 branch of the dungeon, and saw 4 of its levels.

You collected 89 gold pieces.

Inventory:

Hand Weapons
 a - a +0 dagger (weapon)
Armour
 b - a +0 robe
 c - a +0 hat (worn)
 i - a +3 ring mail (worn)
Scrolls
 d - 3 scrolls of identify {unknown}
 f - 2 scrolls of teleportation {unknown}
 h - a scroll of enchant weapon {unknown}
 k - a scroll of holy word {unknown}
 l - a scroll of noise {unknown}
 m - a scroll of vulnerability {unknown}
Potions
 e - a potion of degeneration {unknown}
 g - a potion of might {unknown}
 j - a potion of lignification {unknown}


   Skills:
 + Level 0.1 Fighting
 + Level 0.3 Armour
 + Level 2.5 Dodging
 + Level 2.1 Stealth
 + Level 4.3 Spellcasting


You couldn't memorise any spells.
You knew the following spells:

 Your Spells              Type           Power      Damage    Failure   Level
a - Magic Dart            Conj           76%        1d6       7%          1
b - Blink                 Tloc           38%        N/A       10%         2
c - Call Imp              Summ           19%        N/A       10%         2
d - Slow                  Hex            76%        N/A       7%          1
e - Conjure Flame         Conj/Fire      19%        6-21      21%         3
f - Mephitic Cloud        Conj/Pois/Air  19%        N/A       21%         3
g - Sting                 Tmut/Pois      76%        1d6       7%          1
h - Wereblood             Tmut           19%        N/A       10%         2
Your spell library was empty.

Dungeon Overview and Level Annotations

Branches:
Dungeon (3/15)

Altars:


Innate Abilities, Weirdness & Mutations

You are immune to sickness and miasma.
You are immune to poison.
Your flesh is very heat resistant. (rF++)
You are vulnerable to cold. (rC-)
You float through the air rather than walking.
You learn spells naturally, not from books.
Your magical power is your life essence.
You have superior vitality. (+4 MHP)


Message History

The magic dart hits the adder but does no damage.
The adder is almost dead.
The orc hits your white imp but does no damage.
Casting: Magic Dart (safe; 7% risk of failure)
Confirm with . or Enter, or press ? or * to list all spells.
Aiming: Sting (safe; 7% risk of failure)
Press: ? - help, Shift-Dir - straight line, f/p - adder
Aim: an adder (almost dead, 57% to hit)
The sting hits the adder.
The adder is poisoned.
You kill the adder!
The orc hits your white imp with a +0 club.
The orc priest invokes the aid of Beogh against you.
Beogh smites you!
* * * LOW HITPOINT WARNING * * *
Aiming: Magic Dart (safe; 7% risk of failure)
Press: ? - help, Q - select action, (/) - cycle Shift-Dir - straight line, f - orc
Aim: an orc, wielding a +0 club and quivering boomerangs (ally target, 100% to hit)
Okay, then.
Aiming: Magic Dart (safe; 7% risk of failure)
Press: ? - help, Q - select action, (/) - cycle Shift-Dir - straight line, f - orc priest
Aim: an orc priest, wielding a +0 whip (100% to hit)
The magic dart hits the orc priest but does no damage.
* * * LOW HITPOINT WARNING * * *
Your white imp gestures at the orc.
The puff of frost misses the orc.
The orc throws a boomerang.
The boomerang hits your white imp but does no damage.
Your white imp completely misses the orc.
The orc warrior hits your white imp with a +0 flail of protection!
Your white imp dies!
Your white imp disappears in a puff of smoke!
The orc throws a boomerang.
The boomerang misses you.
The orc throws a boomerang.
The boomerang hits you but does no damage.
A bullfrog zombie comes into view.
The orc warrior hits you with a +0 flail of protection.
* * * LOW HITPOINT WARNING * * *
The orc priest looks encouraged for a moment.
Found a spear and 15 gold pieces.
The orc barely misses you.
The orc throws a boomerang.
The boomerang hits you.
You die...

... .... ######## ##...
#..$...# #.$.##
#......# ##.....#.
#......# #........
#####...######........
#..........oo.@....).#
#...........o##......##
..............##.....#
........$.....# ......#
.............[# ......#
Z.........†...# ......#
......"..............##
.......[............#
...........##.##


You could see an orc warrior, an orc priest and an orc.

Vanquished Creatures
  An orc wizard (D:3)
  3 gnolls (D:2)
  6 adders
  2 dart slugs (D:1)
  7 orcs (D:3)
  4 ball pythons
  2 endoplasms
  6 giant cockroaches
  A goblin (D:1)
  2 hobgoblins
  9 kobolds
  3 quokkas (D:1)
  8 bats
  4 rats
58 creatures vanquished.

Notes
Turn   | Place    | Note
-------+----------+-------------------------------------------
     0 | D:1      | Plasmagod the Djinni Hedge Wizard began the quest for the
                  | Orb.
     0 | D:1      | Reached XP level 1. HP: 15/15 MP: 0/0
   174 | D:1      | Reached XP level 2. HP: 12/21 MP: 0/0
  1036 | D:1      | Reached skill level 3 in Spellcasting
  1093 | D:1      | Reached XP level 3. HP: 23/25 MP: 0/0
  1093 | D:1      | Learned a level 1 spell: Sting
  1976 | D:2      | Reached XP level 4. HP: 20/31 MP: 0/0
  2840 | D:2      | Found a faded altar of an unknown god.
  2889 | D:3      | Reached XP level 5. HP: 32/35 MP: 0/0
  2889 | D:3      | Learned a level 2 spell: Wereblood
  2908 | D:3      | Reached skill level 4 in Spellcasting
  3628 | D:3      | You are sucked into a shaft and drop 2 floors!
  3628 | D:5      | Entered Level 5 of the Dungeon
  3629 | D:5      | Noticed an orc warrior
  3640 | D:5      | HP: 1/35 [orc warrior/+0 flail of protection (3)]
  3644 | D:5      | Hit by a boomerang thrown by an orc

Illustrated notes

Levels and vault maps discovered:
D:1:      lightli_arrival_chessboard, layout_basic
D:2:      layout_loops_ring, shapermc_ecumenical_altar_acropolis
D:3:      layout_basic, minmay_close_crescents
D:5:      layout_rooms, minmay_temple_entry_hall

Skill      XL: |  1  2  3  4  5 |
---------------+----------------+-----
Spellcasting   | 3 4 |  4.3
Stealth        | 2 |  2.1
Fighting       | |  0.1
Armour         | |  0.3
Dodging        | |  2.5

Action                   |  1- 3 |  4- 6 || total
-------------------------+-------+-------++-------
Melee: Dagger            |    17 |     2 ||    19
 Cast: Magic Dart        |    77 |    42 ||   119
       Sting             |     9 |    28 ||    37
       Mephitic Cloud    |       |     1 ||     1
       Call Imp          |       |     1 ||     1
Armor: Robe              |     2 |       ||     2
       Ring mail         |       |    18 ||    18
Dodge: Dodged            |    21 |    13 ||    34
